 Dungeon Crawl Stone Soup version 0.19.5 (webtiles) character file.

5185 McKennaii the Thaumaturge (level 10, -12/53 HPs)
             Began as a Deep Elf Fire Elementalist on May 16, 2017.
             Was a Priest of Vehumet.
             Mangled by an orc warlord
             ... wielding a +0 war axe
              (14 damage)
             ... in a bailey.
             The game lasted 00:24:48 (7761 turns).

McKennaii the Thaumaturge (DEFE)                    Turns: 7761, Time: 00:24:48

Health: -12/53     AC: 11    Str:  5    XL:     10   Next: 34%
Magic:  13/26      EV: 14    Int: 24    God:    Vehumet [***...]
Gold:   479        SH:  0    Dex: 15    Spells: 5 memorised, 18 levels left

rFire  . . .     SeeInvis .     G - +4 quarterstaff (drain)
rCold  + . .     Gourm    .     t - +1 leather armour
rNeg   . . .     Faith    .     (shield currently unavailable)
rPois  .         Spirit   .     F - +0 helmet
rElec  .         Reflect  .     H - +2 cloak
rCorr  .         Harm     +     (no gloves)
MR     +....                    p - +2 pair of boots
Stlth  +++.......               e - amulet of harm
                                C - ring of protection from cold
                                k - ring of wizardry

@: no status effects
A: no striking features
a: Renounce Religion


You were in a bailey.
You worshipped Vehumet.
Vehumet was most pleased with you.
You were hungry.

You visited 2 branches of the dungeon, and saw 10 of its levels.
You also visited: Bailey.

You collected 479 gold pieces.

Inventory:

Hand Weapons
 G - a +4 quarterstaff of draining (weapon)
 M - the +8 long sword of Quarrel {freeze, MR+ MP-9 Dex+4 Stlth+, unknown}
   (You found it in a bailey)

   It has been specially enchanted to freeze those struck by it, causing extra
   injury to most foes and up to half again as much damage against particularly
   susceptible opponents.
   It can also slow down cold-blooded creatures.
   It affects your dexterity (+4).
   It affects your resistance to hostile enchantments.
   It affects your magic capacity (-9).
   It makes you more stealthy.
Armour
 p - a +2 pair of boots (worn)
 t - a +1 leather armour (worn)
 F - a +0 helmet (worn)
 H - a +2 cloak (worn)
Jewellery
 e - an amulet of harm (around neck)
 k - a ring of wizardry (left hand)
 w - an uncursed ring of poison resistance
 C - a ring of protection from cold (right hand)
 I - an uncursed ring of see invisible
Wands
 y - a wand of flame (43/48)
Scrolls
 d - 8 scrolls of teleportation
 h - 9 scrolls of identify
 i - 3 scrolls of remove curse
 l - a scroll of amnesia
 q - 2 scrolls of fog
 s - a scroll of recharging
 z - a scroll of enchant armour
 A - a scroll of acquirement
Potions
 a - 2 potions of magic {unknown}
 g - a potion of flight {unknown}
 n - 3 potions of lignification {unknown}
 o - 6 potions of curing {unknown}
 u - a potion of might {unknown}
 v - 2 potions of heal wounds {unknown}
 x - 2 potions of berserk rage {unknown}
 D - 2 potions of degeneration {unknown}
 E - a potion of cancellation {unknown}
 J - a potion of beneficial mutation {unknown}
 L - a potion of resistance {unknown}
 N - a potion of agility {unknown}
Books
 b - a book of Flames

   Spells                             Type                      Level
   a - Flame Tongue                   Conjuration/Fire             1
   b - Throw Flame                    Conjuration/Fire             2
   c - Conjure Flame                  Conjuration/Fire             3
   d - Inner Flame                    Hexes/Fire                   3
   e - Sticky Flame                   Conjuration/Fire             4
   f - Fireball                       Conjuration/Fire             5
 j - a book of Changes

   Spells                             Type                      Level
   a - Beastly Appendage              Transmutation                1
   b - Sticks to Snakes               Transmutation                2
   c - Spider Form                    Transmutation/Poison         3
   d - Ice Form                       Ice/Transmutation            4
   e - Blade Hands                    Transmutation                5
 B - a book of Air

   Spells                             Type                      Level
   a - Shock                          Conjuration/Air              1
   b - Swiftness                      Charms/Air                   2
   c - Repel Missiles                 Charms/Air                   2
   d - Static Discharge               Conjuration/Air              3
   e - Lightning Bolt                 Conjuration/Air              5
Comestibles
 c - 5 bread rations
 f - 3 meat rations
 m - a beef jerky
 r - 8 fruits
 K - a slice of pizza


   Skills:
 + Level 2.1 Fighting
 + Level 3.2 Staves
 + Level 2.9 Armour
 + Level 5.0 Dodging
 + Level 4.8 Stealth
 + Level 0.1 Unarmed Combat
 + Level 10.9 Spellcasting
 + Level 7.9 Conjurations
 + Level 8.9 Fire Magic
 + Level 1.0 Poison Magic


You had 18 spell levels left.
You knew the following spells:

 Your Spells              Type           Power        Failure   Level  Hunger
a - Flame Tongue          Conj/Fire      #####        1%          1    None
b - Throw Flame           Conj/Fire      ######       1%          2    None
c - Conjure Flame         Conj/Fire      ######..     1%          3    None
d - Sting                 Conj/Pois      ####         1%          1    None
f - Fireball              Conj/Fire      ######....   1%          5    ####...


Dungeon Overview and Level Annotations

Branches:
Dungeon (9/15)             Temple (1/1) D:7
   Lair: D:8-11         Orc: D:9-12

Altars:
Ashenzari
Cheibriados
Dithmenos
Elyvilon
Fedhas
Gozag
Kikubaaqudgha
Makhleb
Nemelex Xobeh
Okawaru
Qazlal
Trog
Uskayaw
Vehumet
Xom
Yredelemnul
Zin
The Shining One

Shops:
D:4 *   D:5 :   D:6 :?(


Message History

Aim: an orc warlord, wielding a war axe and wearing a scale mail (lightly wounded)
The fireball explodes!
The fireball engulfs the orc warlord.
The orc warlord is moderately wounded.
Casting: Fireball
Confirm with . or Enter, or press ? or * to list all spells.
Aiming: Fireball
Press: ? - help, Shift-Dir - straight line, f/p - orc warlord
Aim: an orc warlord, wielding a war axe and wearing a scale mail (flame, moderately wounded) That beam is likely to hit you.
Continue anyway?
The fireball explodes!
The fireball engulfs the orc warlord.
The orc warlord is heavily wounded.
The fireball engulfs you!
The orc warlord is engulfed in roaring flames.
The orc warlord hits you with a war axe!!
Ouch! That really hurt!
* * * LOW HITPOINT WARNING * * *
Okay, then.
The orc warlord is engulfed in roaring flames.
The orc warlord hits you with a war axe!
You die...

♣≈≈≈≈≈≈.........≈≈≈≈≈≈♣
≈≈≈≈≈≈≈....∩....≈≈≈≈≈≈≈
≈≈#####.........#####≈≈
##...##.......##...##
##.....##.....##.....##
##...8...##''(##...8...##
##.........(.............##
#...)..........(..........#
#..8..8.....@o......8..8..#
#...).....................#
##......####...####......##
♣##....##≈≈#####≈≈##..).##♣
♣.##..(#≈..8...8..≈#...##.♣
♣♣..###'#≈.........≈#'###(.♣♣
♣.((≈≈≈)#≈..8...8..≈#.≈≈≈...♣
♣...≈≈≈(##.........##.≈≈≈...♣
∩...≈≈≈.#≈....∩....≈#.≈≈≈.(.∩


You could see an orc warlord.

Vanquished Creatures
  An orc knight (Bailey)
  Prince Ribbit (D:7)
  3 yaks (D:8)
  2 hungry ghosts
  Menkaure (D:7)
  The ghost of Gabide the Firebug, an amateur HEFE (D:3)
  4 porcupines (D:8)
  A water moccasin (D:8)
  An ice beast (D:8)
  3 sky beasts
  A phantom (D:4)
  An eye of draining (D:8)
  2 ogres
  2 black bears (D:7)
  4 orc warriors
  A big kobold (D:8)
  4 bullfrogs
  2 scorpions (D:6)
  3 killer bees (D:9)
  3 wights (D:8)
  A howler monkey (D:6)
  4 crimson imps
  A centaur zombie (D:8)
  5 hounds
  3 orc priests (D:8)
  2 iguanas
  5 bullfrog skeletons
  7 worker ants
  3 orc wizards
  A killer bee zombie (D:8)
  2 hound zombies
  2 hound skeletons
  A howler monkey zombie (D:5)
  3 gnolls (Bailey)
  10 adders
  An ooze (D:2)
  3 worms
  2 dart slugs
  2 leopard geckos
  33 orcs
  7 giant cockroaches
  7 goblins
  11 hobgoblins
  2 jackals (D:4)
  22 kobolds
  4 quokkas
  A ball python (D:3)
  10 bats
  4 frilled lizards
  A jackal skeleton (D:5)
  A quokka skeleton (D:5)
  5 rats
  5 plants (D:8)
212 creatures vanquished.

Vanquished Creatures (others)
  2 plants (D:8)
2 creatures vanquished.

Grand Total: 214 creatures vanquished

Notes
Turn   | Place    | Note
-------+----------+-------------------------------------------
     0 | D:1      | McKennaii the Deep Elf Fire Elementalist began the quest for the Orb.
     0 | D:1      | Reached XP level 1. HP: 10/10 MP: 6/6
   162 | D:1      | Reached XP level 2. HP: 15/15 MP: 2/8
   447 | D:2      | Found a shimmering altar of Xom.
   473 | D:2      | Reached XP level 3. HP: 11/19 MP: 0/10
   477 | D:2      | Learned a level 2 spell: Throw Flame
   481 | D:2      | Learned a level 3 spell: Conjure Flame
   634 | D:2      | Found a blossoming altar of Fedhas.
   638 | D:2      | Found a burning altar of Makhleb.
   983 | D:3      | Reached skill level 4 in Spellcasting
   983 | D:3      | Reached XP level 4. HP: 16/24 MP: 8/12
  1039 | D:3      | Noticed Gabide's ghost (amateur HEFE)
  1138 | D:3      | Killed Gabide's ghost
  1138 | D:3      | Reached XP level 5. HP: 15/28 MP: 5/14
  1470 | D:3      | Reached skill level 5 in Fire Magic
  1509 | D:3      | Learned a level 5 spell: Fireball
  1569 | D:3      | Reached skill level 5 in Spellcasting
  1805 | D:4      | Reached XP level 6. HP: 31/32 MP: 12/16
  1885 | D:4      | Found a bloodstained altar of Trog.
  1959 | D:4      | Found a sparkling altar of Nemelex Xobeh.
  1999 | D:4      | Found a shadowy altar of Dithmenos.
  2077 | D:4      | Found an opulent altar of Gozag.
  2079 | D:4      | Found Gozag's Platinum Reserve.
  2137 | D:4      | Reached XP level 7. HP: 16/36 MP: 6/17
  2138 | D:4      | Reached skill level 6 in Spellcasting
  2289 | D:4      | Found a shimmering altar of Xom.
  2291 | D:4      | Found a blossoming altar of Fedhas.
  2291 | D:4      | Found a basalt altar of Yredelemnul.
  2294 | D:4      | Found an iron altar of Okawaru.
  2294 | D:4      | Found an ancient bone altar of Kikubaaqudgha.
  2294 | D:4      | Found an iron altar of Okawaru.
  2434 | D:5      | Entered Level 5 of the Dungeon
  2434 | D:5      | Found a white marble altar of Elyvilon.
  2468 | D:5      | Reached skill level 1 in Armour
  2638 | D:5      | Noticed a hungry ghost
  2645 | D:5      | Killed a hungry ghost
  2645 | D:5      | Reached skill level 7 in Spellcasting
  2756 | D:5      | Got a faintly glowing whip
  2757 | D:5      | Identified the +6 whip "Impotedghing" {flame, Dex+5} (You found it on level 5 of the Dungeon)
  3040 | D:5      | Found Sysitt's Book Shop.
  3153 | D:6      | Found Hoick's Magic Scroll Shop.
  3196 | D:6      | Found an ancient bone altar of Kikubaaqudgha.
  3210 | D:6      | Reached XP level 8. HP: 42/42 MP: 17/21
  3334 | D:6      | Found an iron altar of Okawaru.
  3431 | D:6      | Found Sopumi's Weapon Boutique.
  3600 | D:6      | Found Amihuuc's Book Shoppe.
  3741 | D:6      | Got an iridescent whip
  3742 | D:6      | Identified the +12 whip of Gucsoo {slash, rN+ MP-9 Dex+5} (You found it on level 6 of the Dungeon)
  3829 | D:7      | Noticed Prince Ribbit
  3847 | D:7      | Killed Prince Ribbit
  3847 | D:7      | Reached skill level 8 in Spellcasting
  3847 | D:7      | Reached skill level 5 in Conjurations
  4075 | D:7      | Noticed Menkaure
  4078 | D:7      | Killed Menkaure
  4328 | D:7      | Reached skill level 1 in Fighting
  4434 | D:7      | Found a staircase to the Ecumenical Temple.
  4586 | Temple   | Entered the Ecumenical Temple
  4602 | Temple   | Became a worshipper of Vehumet
  4723 | D:7      | Reached skill level 1 in Staves
  4787 | D:8      | Reached XP level 9. HP: 47/47 MP: 12/23
  5118 | D:8      | Found a glowing silver altar of Zin.
  5126 | D:8      | Reached skill level 9 in Spellcasting
  5453 | D:8      | Reached * piety under Vehumet
  5453 | D:8      | Offered knowledge of Sting by Vehumet.
  5456 | D:8      | Learned a level 1 spell: Sting
  6165 | D:8      | Reached ** piety under Vehumet
  6165 | D:8      | Offered knowledge of Freeze by Vehumet.
  6165 | D:8      | Reached skill level 10 in Spellcasting
  6189 | D:8      | Reached skill level 1 in Poison Magic
  6616 | D:8      | Reached XP level 10. HP: 18/53 MP: 9/26
  7005 | D:9      | Found a flagged portal.
  7149 | Bailey   | Entered a bailey
  7176 | Bailey   | Offered knowledge of Searing Ray by Vehumet.
  7226 | Bailey   | Noticed an orc warlord
  7345 | Bailey   | Found a runed gate.
  7347 | Bailey   | Found a runed gate.
  7348 | Bailey   | Found a runed gate.
  7355 | Bailey   | Noticed an orc knight
  7381 | Bailey   | Killed an orc knight
  7519 | Bailey   | Reached *** piety under Vehumet
  7519 | Bailey   | Reached skill level 5 in Dodging
  7625 | Bailey   | Identified a scroll of acquirement
  7722 | Bailey   | Got an ichor-stained long sword
  7752 | Bailey   | HP: 1/53 [orc warlord/war axe (28)]
  7761 | Bailey   | Mangled by an orc warlord

Skill      XL: |  1  2  3  4  5  6  7  8  9 10 |
---------------+-------------------------------+-----
Fire Magic     | 4 5 6 7 8 |  8.9
Spellcasting   | 4 5 7 8 10 | 10.9
Dodging        | 3 4 5 |  5.0
Conjurations   | 2 3 4 5 7 |  7.9
Armour         | 1 2 |  2.9
Stealth        | 3 4 |  4.8
Fighting       | 1 2 |  2.1
Staves         | 1 3 |  3.2
Poison Magic   | 1 |  1.0
Unarmed Combat | |  0.1

Action                   |  1- 3 |  4- 6 |  7- 9 | 10-12 || total
-------------------------+-------+-------+-------+-------++-------
Melee: Unarmed           |     2 |     1 |       |       ||     3
       Quarterstaff      |       |       |    72 |     7 ||    79
       Whip              |       |       |    19 |       ||    19
 Cast: Flame Tongue      |    57 |    78 |   242 |    46 ||   423
       Throw Flame       |     2 |     9 |    34 |    22 ||    67
       Conjure Flame     |       |     1 |     5 |     7 ||    13
       Fireball          |       |       |    11 |     9 ||    20
       Sting             |       |       |    10 |     5 ||    15
  Use: Scroll            |       |       |     6 |     6 ||    12
 Stab: Sleeping          |       |       |     2 |       ||     2
       Distracted        |       |       |     1 |       ||     1
  Eat: Chunk             |       |     3 |     9 |     4 ||    16
       Fruit             |       |       |     3 |       ||     3
       Meat ration       |       |       |     1 |       ||     1
Armor: Robe              |     6 |     3 |       |       ||     9
       Leather armour    |       |     9 |    62 |    11 ||    82
Dodge: Dodged            |    35 |    22 |   105 |    27 ||   189
